 Dungeon Crawl Stone Soup version 0.19-a0-1126-g0490cf6 (webtiles) character file.

240 Akrasiac the Grave Robber (level 5, 0/35 HPs)
             Began as a Mummy Necromancer on Aug 11, 2016.
             Slain by a centaur skeleton (4 damage)
             ... on level 4 of the Dungeon.
             The game lasted 00:05:42 (4731 turns).

Akrasiac the Grave Robber (Mummy Necromancer)       Turns: 4731, Time: 00:05:43

Health: 0/35       AC:  2    Str: 12    XL:     5   Next: 80%
Magic:  8/8        EV: 12    Int: 15    God:
Gold:   210        SH:  0    Dex: 12    Spells: 3 memorised, 0 levels left

rFire  x . .     SeeInvis .     d - +0 whip
rCold  + . .     Gourm    .     a - +0 robe
rNeg   + + +     Faith    .     (no shield)
rPois  ∞         Spirit   .     (no helmet)
rElec  .         Dismiss  .     (no cloak)
rCorr  .         Reflect  .     (no gloves)
SustAt +         Harm     .     (no boots)
MR     .....                    (no amulet)
Stlth  ++........               (no ring)
                                k - ring of sustain attributes

@:
A: no food or potions, fire vulnerability, cold resistance 1, negative energy
resistance 3, torment resistance, unbreathing
a: no special abilities


You were on level 4 of the Dungeon.
You were not hungry.

You visited 1 branch of the dungeon, and saw 4 of its levels.

You collected 210 gold pieces.

Inventory:

Hand Weapons
 d - a +0 whip (weapon)
Missiles
 p - 2 throwing nets (quivered)
Armour
 a - a +0 robe (worn)
 c - a +2 shield
 h - a +0 pair of gloves
Jewellery
 k - a ring of sustain attributes (left hand)
Wands
 l - a wand of enslavement (10/24)
Scrolls
 e - a scroll of remove curse {unknown}
 f - a scroll of fog {unknown}
 g - a scroll of recharging {unknown}
 i - a scroll of blinking {unknown}
 j - a scroll of enchant weapon {unknown}
 m - a scroll of amnesia {unknown}
 n - 2 scrolls of identify {unknown}
 o - a scroll of teleportation {unknown}
Books
 b - a book of Necromancy

   Spells                             Type                      Level
   a - Pain                           Necromancy                   1
   b - Animate Skeleton               Necromancy                   1
   c - Vampiric Draining              Necromancy                   3
   d - Regeneration                   Charms/Necromancy            3
   e - Animate Dead                   Necromancy                   4
   f - Control Undead                 Necromancy                   4


   Skills:
 - Level 1.5 Dodging
 - Level 1.5 Stealth
 * Level 2.2 Spellcasting
 - Level 7.0 Necromancy


You couldn't memorise any spells.
You knew the following spells:

 Your Spells              Type           Power        Failure   Level  Hunger
a - Pain                  Necr           ###.         1%          1    N/A
b - Vampiric Draining     Necr           ###.......   3%          3    N/A
c - Control Undead        Necr           ###.......   14%         4    N/A

Dungeon Overview and Level Annotations

Branches:
Dungeon (4/15)
 Temple: D:4-7

Altars:

Annotations:
D:2 exclusion: downstairs
D:3 exclusion: downstairs, NervFog's ghost, amateur MiMo


Innate Abilities, Weirdness & Mutations

You do not eat or drink.
Your flesh is vulnerable to fire.
You are immune to poison.
Your flesh is cold resistant. (rC+)
You are immune to negative energy. (rN+++)
You are immune to unholy pain and torment.
You can survive without breathing.


Message History

You hit the centaur skeleton.
The centaur skeleton is severely damaged.
The centaur skeleton hits you.
You hit the centaur skeleton but do no damage.
The centaur skeleton is severely damaged.
The centaur skeleton completely misses you.
The centaur skeleton barely misses you.
You hit the centaur skeleton.
The centaur skeleton is severely damaged.
The centaur skeleton hits you.
You hit the centaur skeleton.
The centaur skeleton is severely damaged.
The centaur skeleton hits you!
* * * LOW HITPOINT WARNING * * *
The centaur skeleton hits you.
* * * LOW HITPOINT WARNING * * *
You hit the centaur skeleton.
The centaur skeleton is almost destroyed.
The centaur skeleton hits you.
You die...

#.......#.#
###.###.#.#
#.###.#.#
#.....#.#
#####..)#
#...###
#..<..#
#..>#.#
#@###.# #Z#
#.# #.# #.#
#.# #.# #.#
#.# #.# #..
#.# ### #..


You could see a centaur skeleton.

Vanquished Creatures
  Ijyb (D:3)
  4 gnolls
  8 adders
  An ooze (D:2)
  2 worms
  A dart slug (D:1)
  7 giant geckos
  3 orcs
  3 giant cockroaches
  9 goblins
  12 hobgoblins
  4 jackals (D:2)
  2 quokkas
  A ball python (D:3)
  8 bats
  6 giant newts
  5 kobolds
  15 rats
92 creatures vanquished.

Notes
Turn   | Place    | Note
-------+----------+-------------------------------------------
     0 | D:1      | Akrasiac the Mummy Necromancer began the quest for the Orb.
     0 | D:1      | Reached XP level 1. HP: 13/13 MP: 3/3
   216 | D:1      | Reached XP level 2. HP: 3/19 MP: 1/5
   645 | D:1      | Reached skill level 5 in Necromancy
   645 | D:1      | Reached XP level 3. HP: 24/24 MP: 1/6
  1069 | D:2      | Learned a level 3 spell: Vampiric Draining
  1515 | D:2      | Reached XP level 4. HP: 30/30 MP: 3/7
  2301 | D:2      | Reached skill level 6 in Necromancy
  3538 | D:3      | Reached XP level 5. HP: 35/35 MP: 5/8
  3569 | D:3      | Learned a level 4 spell: Control Undead
  3592 | D:3      | Noticed Ijyb
  3597 | D:3      | Killed Ijyb
  3778 | D:3      | Noticed NervFog's ghost (amateur MiMo)
  4525 | D:4      | Reached skill level 7 in Necromancy
  4731 | D:4      | Slain by a centaur skeleton

Vault maps used:
D:1:      grunt_arrival_crossed_arrows
D:2:      first_bread, minmay_rat_gold_closets
D:3:      uniq_iyjb

Skill      XL: |  1  2  3  4  5 |
---------------+----------------+-----
Necromancy     | 5 6 7 |  7.0
Dodging        | |  1.5
Stealth        | |  1.5
Spellcasting   | |  2.2

Action                   |  1- 3 |  4- 6 || total
-------------------------+-------+-------++-------
Melee: Whip              |     5 |    20 ||    25
 Cast: Pain              |    66 |   127 ||   193
       Control Undead    |       |     1 ||     1
Armor: Robe              |     5 |     4 ||     9
Dodge: Dodged            |    15 |    30 ||    45
